 Dungeon Crawl Stone Soup version 0.29-a0-887-gcbe080d7e0 (webtiles) character file.

Game seed: 2703091599959017755

210 iguanaiguana the Chopper (level 5, -3/47 HPs)
             Began as a Minotaur Fighter on July 22, 2022.
             Slain by a black bear (4 damage)
             ... on level 4 of the Dungeon.
             The game lasted 00:01:46 (2980 turns).

iguanaiguana the Chopper (Minotaur Fighter)         Turns: 2980, Time: 00:01:47

Health: -3/47      AC:  8    Str: 23    XL:     5   Next: 57%
Magic:  4/4        EV: 10    Int:  5    God:
Gold:   133        SH:  4    Dex:  9    Spells: 4/4 levels left

rFire   . . .      SeeInvis +   a - +0 war axe
rCold   . . .      Faith    .   c - +0 buckler
rNeg    . . .      Spirit   .   b - +0 scale mail
rPois   +          Reflect  .   (helmet restricted)
rElec   .          Harm     .   k - +0 cloak
rCorr   .          Rampage  .   (no gloves)
Will    +....                   (no boots)
Stlth   ..........              (no amulet)
HPRegen 0.15/turn               n - ring of see invisible
MPRegen 0.09/turn               v - ring "Gaufur Jurph" {rPois Will+}

@: no status effects
A: horns 2, retaliatory headbutt
a: no special abilities


You were on level 4 of the Dungeon.
You visited 1 branch of the dungeon, and saw 4 of its levels.

You collected 133 gold pieces.

Inventory:

Hand Weapons
 a - a +0 war axe (weapon)
Missiles
 m - 11 poisoned darts (quivered)
Armour
 b - a +0 scale mail (worn)
 c - a +0 buckler (worn)
 k - a +0 cloak (worn)
Jewellery
 h - a ring of fire
 n - a ring of see invisible (left hand)
 v - the ring "Gaufur Jurph" (right hand) {rPois Will+}
   (You found it on level 3 of the Dungeon)

   [ring of poison resistance]

   rPois:     It protects you from poison.
   Will:      It increases your willpower.
 x - a ring of magical power
Scrolls
 e - 3 scrolls of fog {unknown}
 i - a scroll of enchant armour {unknown}
 l - 2 scrolls of noise {unknown}
 p - a scroll of silence {unknown}
 q - a scroll of acquirement {unknown}
 r - a scroll of amnesia {unknown}
 s - a scroll of poison {unknown}
 t - a scroll of fear {unknown}
 u - a scroll of teleportation {unknown}
 w - a scroll of identify {unknown}
 y - a scroll of vulnerability {unknown}
Potions
 d - a potion of might {@q3}
 f - 3 potions of curing {@q1}
 g - a potion of flight {unknown}
 j - a potion of mutation {unknown}
 o - a potion of lignification {unknown}


   Skills:
 + Level 4.4 Fighting
 * Level 4.4 Axes
 + Level 4.3 Armour
 + Level 2.0 Dodging
 + Level 1.5 Stealth
 + Level 4.3 Shields


You had 4 spell levels left.
You didn't know any spells.
Your spell library was empty.

Dungeon Overview and Level Annotations

Branches:
Dungeon (4/15)
 Temple: D:4-7

Altars:

Shops:
D:3 (:


Innate Abilities, Weirdness & Mutations

You have a pair of horns on your head.
You reflexively headbutt those who attack you in melee.


Message History

Your Dodging skill increases to level 2!
You see here a +0 club.
An orc comes into view. It is wielding a +0 dagger of pain.
You slash the orc!
You kill the orc!
You see here a +0 dagger of pain.
There is an open door here.
Key pressed, stopping explore.
No target in view!
No target in view!
No target in view!
Found a hand axe.
No target in view!
No target in view!
No target in view!
An endoplasm comes into view.
The endoplasm quivers.
The endoplasm completely misses you.
You slash the endoplasm!
You kill the endoplasm!
No target in view!
You see here a +0 hand axe.
Found a pair of gloves.
No target in view!
No target in view!
No target in view!
A black bear comes into view.
The black bear growls angrily.
You see here a +0 pair of gloves.
The black bear completely misses you.
The black bear claws you but does no damage.
The black bear claws you.
You slash the black bear!
The black bear is heavily wounded.
The black bear bites you but does no damage.
The black bear claws you but does no damage.
The black bear misses you.
A black bear is nearby!
You closely miss the black bear.
The black bear is heavily wounded.
The black bear bites you but does no damage.
The black bear claws you but does no damage. x2
You slash the black bear!
The black bear is severely wounded.
The black bear bites you but does no damage.
You block the black bear's attack. x2; The black bear barely misses you.
You furiously retaliate!
You headbutt the black bear, but do no damage.
The black bear claws you but does no damage.
The black bear barely misses you.
You hit the black bear.
The black bear is severely wounded.
The black bear goes berserk!
A black bear is nearby!
A black bear is nearby!
You hit the black bear.
The black bear is almost dead.
The black bear bites you.
The black bear claws you but does no damage.
The black bear closely misses you. The black bear bites you!
The black bear claws you. You block the black bear's attack.
You closely miss the black bear.
The black bear is almost dead.
The black bear misses you. You block the black bear's attack.
The black bear claws you but does no damage.
The black bear bites you. The black bear barely misses you.
The black bear claws you.
You are too injured to fight recklessly!
You are too injured to fight recklessly!
You are too injured to fight recklessly!
You are too injured to fight recklessly!
A black bear is nearby!
You hit the black bear but do no damage.
You headbutt the black bear, but do no damage.
The black bear is almost dead.
The black bear bites you. The black bear claws you.
The black bear completely misses you. The black bear bites you.
You block the black bear's attack.
The black bear claws you but does no damage.
You barely miss the black bear.
The black bear is almost dead.
The black bear bites you.
The black bear claws you but does no damage. x2
The black bear bites you. The black bear claws you.
* * * LOW HITPOINT WARNING * * *
The black bear closely misses you.
You barely miss the black bear. Your headbutt misses the black bear.
The black bear is almost dead.
You block the black bear's attack. x3; The black bear bites you.
* * * LOW HITPOINT WARNING * * *
The black bear closely misses you.
The black bear claws you but does no damage.
You hit the black bear but do no damage.
Your headbutt misses the black bear.
The black bear is almost dead.
The black bear bites you!
* * * LOW HITPOINT WARNING * * *
The black bear claws you but does no damage.
You block the black bear's attack. The black bear bites you.
You die...

### ############## #..
............. ..#
###.###....### #.#
#..........# #.#
#.........)### #h#
#............# #@#
#....).###...#
#########.# #......#
#...# .....?..[.#
###'#### #...#
.##.###.###
##.######...# #.###.#
#...........#
#.....######..######...#
#.........##..# #...#
#....####.##..#
#....####.##..###


You could see a black bear (berserk).

Vanquished Creatures
  2 orc priests (D:2)
  Jessica (D:3)
  3 gnolls (D:2)
  2 adders
  2 worms (D:2)
  4 orcs
  4 bats
  6 endoplasms
  2 giant cockroaches
  11 goblins
  5 hobgoblins
  3 jackals (D:1)
  7 kobolds
  2 quokkas
  6 ball pythons
  2 frilled lizards
  4 rats
66 creatures vanquished.

Vanquished Creatures (others)
  11 plants
11 creatures vanquished.

Grand Total: 77 creatures vanquished

Notes
Turn   | Place    | Note
-------+----------+-------------------------------------------
     0 | D:1      | iguanaiguana the Minotaur Fighter began the quest for the
                  | Orb.
     0 | D:1      | Reached XP level 1. HP: 19/19 MP: 0/0
   421 | D:1      | Reached XP level 2. HP: 23/27 MP: 1/1
   801 | D:1      | Reached XP level 3. HP: 33/33 MP: 2/2
   850 | D:1      | Found a faded altar of an unknown god.
  1444 | D:2      | Reached skill level 1 in Dodging
  1451 | D:2      | Reached skill level 1 in Stealth
  1454 | D:2      | Reached XP level 4. HP: 21/40 MP: 3/3
  1771 | D:2      | Reached XP level 5. HP: 30/46 MP: 4/4
  2318 | D:3      | Found Cufoiraph's Vocational Training.
  2368 | D:3      | Found Zufeoppi's Weapon Shop.
  2436 | D:3      | Identified the ring "Gaufur Jurph" {rPois Will+}
  2724 | D:3      | Noticed Jessica
  2731 | D:3      | Killed Jessica
  2968 | D:4      | Noticed a black bear
  2980 | D:4      | HP: 1/47 [black bear (8)]
  2980 | D:4      | Slain by a black bear

Illustrated notes

Levels and vault maps discovered:
D:1:      psy_arrival_wood_between_worlds, layout_basic, serial_forest,
          infiniplex_forest_clump_cross, infiniplex_forest_lined_ring,
          infiniplex_forest_clump_long, infiniplex_forest_straight_3,
          infiniplex_forest_lined_room_2, infiniplex_forest_lined_3,
          infiniplex_forest_clump_long, infiniplex_forest_straight_2,
          ebering_ecumenical_altar_webs
D:2:      layout_basic, nicolae_grassy_gnolls
D:3:      layout_loops_ring, serial_shops, nicolae_shop_bloodbath_and_beyond,
          corner_web_ring, nicolae_shop_vocational, uniq_jessica
D:4:      layout_basic

Skill      XL: |  1  2  3  4  5 |
---------------+----------------+-----
Axes           | 3 4 |  4.4
Fighting       | 4 |  4.4
Dodging        | 1 2 |  2.0
Shields        | 4 |  4.3
Armour         | 4 |  4.3
Stealth        | 1 |  1.5

Action                   |  1- 3 |  4- 6 || total
-------------------------+-------+-------++-------
Melee: War axe           |    74 |    86 ||   160
       Headbutt          |    11 |    11 ||    22
  Use: Potion            |       |     1 ||     1
Armor: Scale mail        |    40 |    43 ||    83
Dodge: Dodged            |    36 |    43 ||    79
Block: Buckler           |    15 |    25 ||    40

Table legend: (Time is in decaauts)
 A = Elapsed time spent in this place.
 B = Non-inter-level travel time spent in this place.
 C = Inter-level travel time spent in this place.
 D = Time resting spent in this place.
 E = Time spent auto-exploring this place.
 F = Levels seen in this place.
 G = Mean time per level.
                   A        B        C        D        E       F      G
               +--------+--------+--------+--------+--------+-----+--------+
         Total |   3036 |   2960 |     76 |    169 |   2358 |   4 |  759.0 |
       Dungeon |   3036 |   2960 |     76 |    169 |   2358 |   4 |  759.0 |
               +--------+--------+--------+--------+--------+-----+--------+

Top non-repeatable levels by time:
     D:1: 1421 daAuts
     D:2: 868 daAuts
     D:3: 654 daAuts
     D:4: 93 daAuts
